 Dungeon Crawl Stone Soup version 0.20.1-1-g8b1a95d (webtiles) character file.

23 empire the Conjurer (level 2, -3/20 HPs)
             Began as a Draconian Conjurer on Aug 10, 2017.
             Slain by Natasha (6 damage)
             ... on level 2 of the Dungeon.
             The game lasted 00:01:55 (1231 turns).

empire the Conjurer (Draconian Conjurer)            Turns: 1231, Time: 00:01:56

Health: -3/20      AC:  4    Str: 10    XL:     2   Next: 72%
Magic:  3/5        EV: 12    Int: 15    God:
Gold:   68         SH:  0    Dex: 11    Spells: 5/6 levels left

rFire    . . .     SeeInvis .   b - +0 short sword
rCold    . . .     Gourm    .   (no shield)
rNeg     . . .     Faith    .   (armour unavailable)
rPois    .         Spirit   .   (helmet restricted)
rElec    .         Reflect  .   (no cloak)
rCorr    .         Harm     .   (no gloves)
MR       .....                  (no boots)
Stlth    ++........             (no amulet)
Regen    0.1/turn               (no ring)
MPRegen  0.1/turn               (no ring)

@: lethally poisoned (-3 -> -6), slowed, very slow
A: unfitting armour, cold-blooded, AC +4
a: no special abilities


You were on level 2 of the Dungeon.
You were very hungry.

You visited 1 branch of the dungeon, and saw 2 of its levels.

You collected 68 gold pieces.

Inventory:

Hand Weapons
 b - a +0 short sword (weapon)
Scrolls
 h - a scroll of fog {unknown}
 i - a scroll of magic mapping {unknown}
 j - a scroll of remove curse {unknown}
 k - a scroll of teleportation {unknown}
Potions
 a - a potion of resistance {unknown}
 e - a potion of agility {unknown}
Books
 c - a book of Conjurations

   Spells                             Type                      Level
   a - Magic Dart                     Conjuration                  1
   b - Searing Ray                    Conjuration                  2
   c - Dazzling Spray                 Conjuration/Hexes            3
   d - Fulminant Prism                Conjuration/Hexes            4
   e - Force Lance                    Conjuration/Translocation    4
   f - Iskenderun's Mystic Blast      Conjuration                  4
Comestibles
 d - 2 bread rations
 f - a royal jelly
 g - a meat ration


   Skills:
 + Level 2.1 Dodging
 - Level 1.7 Stealth
 + Level 2.5 Spellcasting
 + Level 4.3 Conjurations


You had 5 spell levels left.
You knew the following spells:

 Your Spells              Type           Power        Failure   Level  Hunger
a - Magic Dart            Conj           ##..         3%          1    #......


Dungeon Overview and Level Annotations

Branches:
Dungeon (2/15)

Altars:

Annotations:
D:2 Natasha


Innate Abilities, Weirdness & Mutations

Your plain brown scales are hard. (AC +4)
You cannot fit into any form of body armour.
You are cold-blooded and may be slowed by cold attacks.


Message History

Casting: Magic Dart
Confirm with . or Enter, or press ? or * to list all spells.
Aiming: Magic Dart
Press: ? - help, Shift-Dir - straight line, f - Natasha
Aim: Natasha The magic dart hits Natasha.
Natasha is moderately wounded.
You feel sick. The adder barely misses you. Natasha claws you!
* * * LOW HITPOINT WARNING * * *
The adder barely misses you.
Casting: Magic Dart
Confirm with . or Enter, or press ? or * to list all spells.
Aiming: Magic Dart
Press: ? - help, Shift-Dir - straight line, f/p - Natasha
Aim: Natasha (moderately wounded)
The magic dart hits Natasha.
Natasha is heavily wounded.
* * * LOW HITPOINT WARNING * * *
You feel sick. The adder bites you but does no damage. Natasha claws you.
You die...

#.....# #.###.#
### ##### #.# #.#
.... ...# #.# #.#
.....##.###.# #.##
#........# #..#
#.##.##### ##.#
####.##.##### #.#
......h@....####.#
####..S.......##.#
#.##.###.#.##.# #.
#.###.#.##.# #
#.#.#.#.##.#
#..#<.#.##.#
#..###.#.##.# #.##
##..##.## #.
#.#.....#


You could see Natasha and an adder.

Vanquished Creatures
  2 oozes (D:1)
  A dart slug (D:2)
  2 giant cockroaches (D:1)
  2 hobgoblins (D:1)
  2 bats (D:1)
  2 frilled lizards (D:1)
  2 kobolds (D:1)
  A rat (D:1)
14 creatures vanquished.

Notes
Turn   | Place    | Note
-------+----------+-------------------------------------------
     0 | D:1      | empire the Draconian Conjurer began the quest for the Orb.
     0 | D:1      | Reached XP level 1. HP: 14/14 MP: 3/3
   578 | D:1      | Reached XP level 2. HP: 17/20 MP: 5/5
  1226 | D:2      | Noticed Natasha
  1231 | D:2      | Slain by Natasha

Skill      XL: |  1  2 |
---------------+-------+-----
Dodging        | 2 |  2.1
Stealth        | |  1.7
Spellcasting   | |  2.5
Conjurations   | |  4.3

Action                   || total
-------------------------++-------
Melee: Short sword       ||    36
       Whip              ||     1
       Tailslap          ||     1
 Cast: Magic Dart        ||    18
 Stab: Sleeping          ||     1
Armor: Skin              ||     9
Dodge: Dodged            ||    41
